 Dungeon Crawl Stone Soup version 0.26.1-2-gb8aa6d0cf2 (webtiles) character file.

Game seed: 12430575760281637441

17519 hawla the Destroyer (level 12, -1/57 (59) HPs)
             Began as a Deep Elf Conjurer on Feb 14, 2021.
             Was a Believer of Ashenzari.
             Killed from afar by Josephine (16 damage)
             ... with a ghostly fireball
             ... on level 11 of the Dungeon.
             The game lasted 00:50:08 (16748 turns).

hawla the Destroyer (Deep Elf Conjurer)            Turns: 16748, Time: 00:50:08

HP:   -1/57 (59)    AC:  7    Str:  3    XL:     12   Next: 19%
MP:   4/31          EV: 15    Int: 28    God:    Ashenzari [**....]
Gold: 914           SH:  5    Dex: 16    Spells: 18/31 levels left

rFire    + + .     SeeInvis +   z - +5 quarterstaff of Symmetry {vorpal, rF+} (curse)
rCold    . . .     Faith    .   (shield currently unavailable)
rNeg     + . .     Spirit   .   a - +1 robe
rPois    +         Reflect  +   (no helmet)
rElec    .         Harm     .   J - +2 ratskin cloak {*Rats rPois rN+ Str-1 Int-1 Dex+1} (curse)
rCorr    .         Rampage  .   (no gloves)
Will     +....     Clarity  +   L - +0 pair of boots
Stlth    ++........             r - amulet of reflection (curse)
HPRegen  0.19/turn              d - ring of flight
MPRegen  0.22/turn              j - ring of poison resistance

@: lightly drained
A: see invisible, agile 1, clarity, fire resistance 1, high mp 1, screaming 1,
wild magic 2
a: Renounce Religion, Evoke Flight, Curse Item, Scrying


You were on level 11 of the Dungeon.
You worshipped Ashenzari.
Ashenzari was pleased with you.
You visited 2 branches of the dungeon, and saw 12 of its levels.

You collected 914 gold pieces.

Inventory:

Hand Weapons
 z - the cursed +5 quarterstaff of Symmetry (weapon) {vorpal, rF+}
   (You found it on level 5 of the Dungeon)

   It inflicts extra damage upon your enemies.
   It protects you from fire.
   It has a curse placed upon it.
 D - a +4 quarterstaff of chaos
 G - a cursed -1 quarterstaff
 I - the cursed +1 hand axe "Plog" {venom, rC- Str+5}
   (You found it on level 8 of the Dungeon)

   It poisons the flesh of those it strikes.
   It affects your strength (+5).
   It makes you vulnerable to cold.
   It has a curse placed upon it.
Missiles
 c - 8 atropa-tipped darts
 g - 27 poisoned darts (quivered)
 n - 3 silver boomerangs
 u - 6 boomerangs of dispersal
 v - 9 javelins
 y - 2 throwing nets
 F - 12 boomerangs
Armour
 a - a +1 robe (worn)
 C - a +0 cloak
 J - the cursed +2 ratskin cloak (worn) {*Rats rPois rN+ Str-1 Int-1 Dex+1}
   (You found it on level 7 of the Dungeon)

   It affects your strength (-1).
   It affects your intelligence (-1).
   It affects your dexterity (+1).
   It protects you from poison.
   It protects you from negative energy.
   It has a curse placed upon it.
 L - a +0 pair of boots (worn)
 N - +0 acid dragon scales
Jewellery
 d - a ring of flight (left hand)
 h - an uncursed ring of fire
 j - a ring of poison resistance (right hand)
 k - an uncursed amulet of the acrobat
 r - a cursed amulet of reflection (around neck)
Wands
 l - a wand of iceblast (28)
 t - a wand of random effects (12)
 B - a wand of flame (52)
 K - a wand of digging (2)
Scrolls
 b - 9 scrolls of identify
 f - 8 scrolls of remove curse
 p - 4 scrolls of teleportation
 s - 2 scrolls of magic mapping
 A - 2 scrolls of amnesia
 E - a scroll of fear
 M - a scroll of enchant armour
 O - a scroll of torment {unknown}
Potions
 i - 10 potions of ambrosia
 m - a potion of curing
 o - a potion of flight
 q - 2 potions of might
 w - a potion of berserk rage
 x - 3 potions of haste


   Skills:
 - Level 0.1 Fighting
 - Level 4.1(7.0) Staves
 - Level 0.1 Throwing
 - Level 5.0 Dodging
 - Level 3.0 Stealth
 - Level 0.1 Shields
 + Level 10.4 Spellcasting
 * Level 12.5 Conjurations
 - Level 3.2 Translocations
 + Level 5.7 Transmutations
 * Level 12.0 Fire Magic
 + Level 5.7 Poison Magic
 - Level 0.1 Evocations


You had 18 spell levels left.
You knew the following spells:

 Your Spells              Type           Power        Failure   Level
a - Magic Dart            Conj           100%         1%          1
b - Searing Ray           Conj           100%         1%          2
c - Iskenderun's Mystic   Conj/Tloc      76%          5%          4
d - Apportation           Tloc           100%         4%          1
e - Alistair's Intoxicat  Tmut/Pois      44%          21%         5

Your spell library contained the following spells:

 Spells                   Type           Power        Failure   Level
 Conjure Flame            Conj/Fire      93%          1%          3
 Dazzling Flash           Conj/Hex       100%         3%          3
 Mephitic Cloud           Conj/Pois/Air  67%          3%          3
 Stone Arrow              Conj/Erth      100%         3%          3
 Blink                    Tloc           N/A          5%          2
 Passwall                 Tmut/Erth      40%          6%          2
 Lesser Beckoning         Tloc           25%          9%          3
 Fulminant Prism          Conj/Hex       34%          9%          4
 Sandblast                Erth           46%          10%         1
 Call Imp                 Summ           23%          14%         2
 Slow                     Hex            23%          14%         2
 Tukima's Dance           Hex            23%          24%         3
 Petrify                  Tmut/Erth      49%          24%         4
 Lee's Rapid Deconstruct  Erth           11%          85%         5
 Invisibility             Hex            23%          100%        6


Dungeon Overview and Level Annotations

Branches:
Dungeon (11/15)            Temple (1/1) D:4            Lair (0/6) D:10
    Orc: D:9-12

Altars:
Ashenzari
Cheibriados
Dithmenos
Elyvilon
Fedhas
Gozag
Hepliaklqana
Kikubaaqudgha
Makhleb
Nemelex Xobeh
Okawaru
Qazlal
Ru
Sif Muna
Trog
Uskayaw
Vehumet
Wu Jian
Xom
Yredelemnul
Zin
The Shining One
Beogh

Annotations:
D:8 3 runed translucent doors, ew1980's ghost, novice MfAr
D:11 Grum; Josephine


Innate Abilities, Weirdness & Mutations

You have supernaturally acute eyesight. (SInv)
You are agile. (Dex +2)
You possess an exceptional clarity of mind.
Your flesh is heat resistant. (rF+)
You have an increased reservoir of magic. (+10% MP)
You occasionally shout uncontrollably at your foes.
Your spells are harder to cast, but more powerful.


Message History

Your river rat dies!
The wolf closely misses you.
There is a stone staircase leading down here.
You see here a +0 club.
Casting: Iskenderun's Mystic Blast (dangerous; 5% risk of failure)
Confirm with . or Enter, or press ? or * to list all spells.
You erupt in a blast of force!
The mystic blast hits the wolf!!
You kill the wolf!
Josephine screams, "Die!"
Josephine gestures at you while chanting.
The ghostly flame explodes!
The ghostly fireball engulfs you! You partially resist.
You feel drained.
* * * LOW HITPOINT WARNING * * *
Your life force feels restored.
You feel better.
Josephine screams, "I have something special for you."
Josephine points at you and mumbles some strange words.
The ghostly flame explodes!
The ghostly fireball engulfs you! You partially resist.
You feel drained.
You die...

##(## #...#..[.....#.....
####)# #####...#.###.#..#.....
*
#..).####..[........#.#o....###
#.#.(.....)..........u.u.......
#...)####.........gW#.#.##..###
#)(.## ###......@###.l.....#
##(## #.#.......W...##....
###...## #.#....########* .###
.......## #...@..## # *
#...)(..# #.......########*
##(....## #..(............ *
##.>(#######...(......#### *
#.........<#.....##..#### *
.....#.##.(.).............#,
###.##.##.##.####.###..##.#.#
#.##....##.# ##...........#
#.##.##.##.# #......###.###


You could see Josephine, Grum and a wraith.

Vanquished Creatures
  Harold (D:7)
  2 boulder beetles (D:11)
  5 two-headed ogres
  Nergalle (D:11)
  A deep elf mage (D:10)
  A slime creature (D:10)
  Maggie (D:7)
  2 trolls (D:9)
  A queen bee (D:10)
  Grinder (D:6)
  Prince Ribbit (D:6)
  Sigmund (D:2)
  A wraith (D:11)
  5 yaks (D:9)
  A wyvern (D:9)
  Menkaure (D:7)
  Duvessa (D:6)
  2 water moccasins (D:7)
  2 ice beasts (D:10)
  7 orc warriors
  4 sky beasts
  4 black bears
  3 phantoms
  2 wolves (D:11)
  A necrophage (D:10)
  5 ogres
  8 centaurs
  Blork the orc (D:4)
  4 bullfrogs
  A gnoll sergeant (D:9)
  Dowan (D:6)
  A water moccasin zombie (D:9)
  A hornet simulacrum (D:11)
  9 scorpions
  25 killer bees (D:10)
  7 wights
  3 howler monkeys
  5 hounds
  2 centaur zombies
  4 orc priests
  5 bullfrog skeletons
  2 centaur skeletons
  2 quasits
  Crazy Yiuf (D:6)
  2 iguanas
  A hell rat (D:7)
  5 worker ants
  11 orc wizards
  2 hound zombies
  A hound skeleton (D:7)
  4 gnolls (D:9)
  6 adders
  6 river rats (D:7)
  7 white imps
  An ufetubus (D:9)
  2 adder skeletons (D:7)
  3 adder zombies
  5 worms
  3 dart slugs
  3 leopard geckos
  47 orcs
  3 ball pythons
  16 bats
  4 giant cockroaches
  5 goblins
  10 hobgoblins
  8 jackals
  6 quokkas
  5 frilled lizards
  A jackal skeleton (D:4)
  10 kobolds
  A leopard gecko skeleton (D:5)
  2 quokka zombies
  20 rats
339 creatures vanquished.

Vanquished Creatures (collateral kills)
  A cyclops (D:11)
  2 slime creatures (D:11)
  A yak (D:9)
  An orc (D:9)
5 creatures vanquished.

Vanquished Creatures (others)
  9 fungi
  4 plants (D:10)
13 creatures vanquished.

Grand Total: 357 creatures vanquished

Notes
Turn   | Place    | Note
-------+----------+-------------------------------------------
     0 | D:1      | hawla the Deep Elf Conjurer began the quest for the Orb.
     0 | D:1      | Reached XP level 1. HP: 10/10 MP: 6/6
   228 | D:1      | Reached XP level 2. HP: 11/15 MP: 0/8
   231 | D:1      | Learned a level 2 spell: Searing Ray
   582 | D:1      | Reached skill level 1 in Fire Magic
  1261 | D:2      | Reached XP level 3. HP: 19/19 MP: 6/9
  1796 | D:2      | Noticed Sigmund
  1800 | D:2      | Killed Sigmund
  1801 | D:2      | Reached skill level 5 in Conjurations
  1801 | D:2      | Reached XP level 4. HP: 9/24 MP: 4/11
  1801 | D:2      | Reached XP level 5. HP: 11/28 MP: 4/12
  1806 | D:2      | Learned a level 4 spell: Iskenderun's Mystic Blast
  2134 | D:2      | Reached XP level 6. HP: 32/32 MP: 10/13
  2599 | D:2      | Found a glowing golden altar of the Shining One.
  3057 | D:3      | Reached skill level 1 in Translocations
  3859 | D:4      | Reached XP level 7. HP: 36/36 MP: 6/15
  3963 | D:4      | Reached skill level 5 in Dodging
  4010 | D:4      | Found a staircase to the Ecumenical Temple.
  4025 | D:4      | Noticed Blork the orc
  4223 | D:4      | Killed Blork the orc
  4271 | Temple   | Entered the Ecumenical Temple
  4628 | Temple   | Became a worshipper of Ashenzari the Shackled
  4898 | D:4      | Reached skill level 5 in Spellcasting
  4898 | D:4      | Reached skill level 5 in Fire Magic
  5052 | D:4      | Found a blossoming altar of Fedhas.
  5208 | D:5      | Entered Level 5 of the Dungeon
  5370 | D:5      | Found a snail-covered altar of Cheibriados.
  5379 | D:5      | Reached XP level 8. HP: 41/41 MP: 10/17
  5384 | D:5      | Got the quarterstaff of Symmetry {vorpal, rF+}
  5384 | D:5      | Identified the +5 quarterstaff of Symmetry {vorpal, rF+}
                  | (You found it on level 5 of the Dungeon)
  5644 | D:5      | Found a shimmering altar of Xom.
  5809 | D:5      | Found an opulent altar of Gozag.
  6394 | D:6      | Noticed Prince Ribbit
  6405 | D:6      | Killed Prince Ribbit
  7054 | D:6      | Noticed Grinder
  7066 | D:6      | Killed Grinder
  7189 | D:6      | Reached XP level 9. HP: 41/45 MP: 15/21
  7329 | D:6      | Noticed Duvessa
  7331 | D:6      | Noticed Dowan
  7339 | D:6      | Killed Duvessa
  7343 | D:6      | Killed Dowan
  7944 | D:6      | Found a runed translucent door.
  7945 | D:6      | Noticed Crazy Yiuf
  7950 | D:6      | Killed Crazy Yiuf
  8699 | D:7      | Reached * piety under Ashenzari
  9025 | D:7      | Learned a level 1 spell: Apportation
  9031 | D:7      | Learned a level 5 spell: Alistair's Intoxication
  9120 | D:7      | Noticed Menkaure
  9125 | D:7      | Killed Menkaure
  9402 | D:7      | Noticed Harold
  9405 | D:7      | Noticed Maggie
  9413 | D:7      | Killed Harold
  9414 | D:7      | Reached skill level 1 in Staves
  9414 | D:7      | Reached skill level 10 in Conjurations
  9414 | D:7      | Reached skill level 1 in Transmutations
  9414 | D:7      | Reached skill level 1 in Poison Magic
  9414 | D:7      | Reached XP level 10. HP: 50/50 MP: 6/24
  9434 | D:7      | Killed Maggie
 10038 | D:7      | Found the +2 ratskin cloak {*Rats rPois rN+ Str-1 Int-1
                  | Dex+1}
 10328 | D:8      | Got the cursed hand axe "Plog" {venom, rC- Str+5}
 10395 | D:8      | Noticed a two-headed ogre
 10402 | D:8      | Killed a two-headed ogre
 10403 | D:8      | Identified the cursed +1 hand axe "Plog" {venom, rC- Str+5}
                  | (You found it on level 8 of the Dungeon)
 10810 | D:8      | Found a runed translucent gate.
 10810 | D:8      | Found a runed translucent gate.
 10810 | D:8      | Found a runed translucent gate.
 10810 | D:8      | Noticed ew1980's ghost (novice MfAr)
 11029 | D:9      | Gained mutation: You expend magic power (3 MP) to
                  | strengthen your wands. [potion of mutation]
 11029 | D:9      | Gained mutation: You are weak. (Str -2) [potion of
                  | mutation]
 11029 | D:9      | Gained mutation: Your spells are a little harder to cast,
                  | but a little more powerful. [potion of mutation]
 11030 | D:9      | Lost mutation: You expend magic power (3 MP) to strengthen
                  | your wands. [potion of mutation]
 11030 | D:9      | Gained mutation: You have supernaturally acute eyesight.
                  | (SInv) [potion of mutation]
 11030 | D:9      | Gained mutation: You are dopey. (Int -2) [potion of
                  | mutation]
 11030 | D:9      | Gained mutation: You are partially covered in iridescent
                  | scales. (AC +2) [potion of mutation]
 11031 | D:9      | Lost mutation: You are weak. (Str -2) [potion of mutation]
 11031 | D:9      | Lost mutation: You are dopey. (Int -2) [potion of mutation]
 11031 | D:9      | Lost mutation: You are partially covered in iridescent
                  | scales. (AC +2) [potion of mutation]
 11031 | D:9      | Gained mutation: You have a pair of small antennae on your
                  | head. [potion of mutation]
 11031 | D:9      | Gained mutation: You occasionally shout uncontrollably at
                  | your foes. [potion of mutation]
 11031 | D:9      | Gained mutation: You possess an exceptional clarity of
                  | mind. [potion of mutation]
 11031 | D:9      | Gained mutation: Your spells are harder to cast, but more
                  | powerful. [potion of mutation]
 11033 | D:9      | Lost mutation: You have a pair of small antennae on your
                  | head. [potion of mutation]
 11033 | D:9      | Gained mutation: You are agile. (Dex +2) [potion of
                  | mutation]
 11033 | D:9      | Gained mutation: Your flesh is heat resistant. (rF+)
                  | [potion of mutation]
 11033 | D:9      | Gained mutation: You have an increased reservoir of magic.
                  | (+10% MP) [potion of mutation]
 11650 | D:9      | Reached skill level 10 in Fire Magic
 12156 | D:9      | Reached ** piety under Ashenzari
 12648 | D:10     | Entered Level 10 of the Dungeon
 12825 | D:10     | Reached XP level 11. HP: 51/54 MP: 14/28
 13627 | D:10     | Noticed a two-headed ogre
 13633 | D:10     | Killed a two-headed ogre
 13886 | D:10     | Found a staircase to the Lair.
 13977 | D:10     | Noticed a two-headed ogre
 13977 | D:10     | Noticed a deep elf mage
 13992 | D:10     | Killed a two-headed ogre
 14020 | D:10     | Killed a deep elf mage
 14638 | D:10     | Found a roughly hewn altar of Beogh.
 14806 | D:11     | Noticed Nergalle
 14806 | D:11     | Noticed a boulder beetle
 14850 | D:11     | Noticed a two-headed ogre
 15019 | D:11     | Noticed a two-headed ogre
 15024 | D:11     | Killed a two-headed ogre
 15150 | D:11     | Reached skill level 5 in Transmutations
 15157 | D:11     | Killed Nergalle
 15158 | D:11     | Reached skill level 10 in Spellcasting
 15158 | D:11     | Reached skill level 5 in Poison Magic
 15290 | D:11     | Killed a boulder beetle
 15411 | D:11     | Killed a two-headed ogre
 15654 | D:11     | Noticed a boulder beetle
 15666 | D:11     | Killed a boulder beetle
 15667 | D:11     | Reached XP level 12. HP: 42/59 MP: 14/30
 15944 | D:10     | HP: 1/59 [large slime creature (32)]
 16724 | D:11     | Noticed Josephine
 16729 | D:11     | Noticed Grum
 16748 | D:11     | Killed from afar by Josephine

Illustrated notes

Levels and vault maps discovered:
D:1:      heliophobic_arrival_enchanted_forest, layout_loops_ring,
          minmay_misc_feat_five
D:2:      layout_loops_ring, nicolae_tso_swordbearing_angel, minmay_mini_jars,
          uniq_sigmund
D:3:      layout_basic, tgw_xom
D:4:      layout_basic, old_standard_altar, minmay_temple_entry_crystal_x,
          uniq_blork_the_orc
D:5:      layout_loops_cross, slow_altar_1, grunt_gozag_breadcrumbs, basic_altar
D:6:      layout_loops_cross, amcnicky_mini_pool_small, uniq_crazy_yiuf_cottage,
          uniq_duvessa, uniq_prince_ribbit1, uniq_grinder
D:7:      wander_guarded_unrand_ratskin, layout_loops_corners, minmay_bent,
          uniq_menkaure, uniq_maggie, uniq_harold
D:8:      layout_cave_pools, gammafunk_ghost_necromancy, minivault_11
D:9:      layout_long_grid
D:10:     layout_roguey [special_room_bee], grunt_lair_entry_orc_guard_hut,
          special_room [special_room_orc]
D:11:     layout_loops_cross, uniq_nergalle, uniq_josephine, uniq_grum
Temple:   hc_temple_tempest_star

Skill      XL: |  1  2  3  4  5  6  7  8  9 10 11 12 |
---------------+-------------------------------------+-----
Fire Magic     | 1 3 4 5 7 9 10 11 12 | 12.0
Dodging        | 4 5 |  5.0
Stealth        | 3 |  3.0
Conjurations   | 5 6 8 10 11 12 | 12.5
Spellcasting   | 4 5 6 8 9 10 | 10.4
Translocations | 1 2 3 |  3.2
Staves         | 1 3 4 |  4.1
Transmutations | 1 3 5 |  5.7
Poison Magic   | 1 3 5 |  5.7
Fighting       | |  0.1
Throwing       | |  0.1
Shields        | |  0.1
Evocations     | |  0.1

Action                   |  1- 3 |  4- 6 |  7- 9 | 10-12 || total
-------------------------+-------+-------+-------+-------++-------
Melee: Unarmed           |       |       |     7 |       ||     7
       Quarterstaff      |       |       |    27 |    77 ||   104
Throw: Dart              |       |       |     4 |    11 ||    15
 Cast: Magic Dart        |    31 |    24 |    29 |    56 ||   140
       Searing Ray       |    21 |    36 |    71 |   121 ||   249
       Iskenderun's Myst |       |       |    17 |    76 ||    93
       Alistair's Intoxi |       |       |       |     5 ||     5
Invok: Curse Item        |       |       |     1 |     2 ||     3
Evoke: Wand              |       |       |       |     6 ||     6
  Use: Scroll            |     1 |     6 |     8 |     5 ||    20
       Potion            |       |       |     1 |    13 ||    14
Armor: Robe              |     1 |       |    13 |    33 ||    47
       Skin              |       |       |     3 |     5 ||     8
Dodge: Dodged            |    10 |    12 |    71 |   135 ||   228
Block: Other             |       |     2 |    26 |    44 ||    72
       Reflection        |       |       |     2 |     3 ||     5
